 Dungeon Crawl Stone Soup version 0.19.1 (webtiles) character file.

26919 Miant the Severer (level 13, -6/96 HPs)
             Began as a Minotaur Fighter on Dec 19, 2016.
             Was the Champion of Okawaru.
             Mangled by an enchanted long sword (14 damage)
             ... on level 13 of the Dungeon on Dec 20, 2016.
             The game lasted 01:50:42 (14427 turns).

Miant the Severer (Minotaur Fighter)               Turns: 14427, Time: 01:50:42

Health: -6/96      AC: 10    Str: 33    XL:     13   Next: 1%
Magic:  12/12      EV: 12    Int:  9    God:    Okawaru [******]
Gold:   731        SH: 18    Dex:  8    Spells: 5 memorised, 1 level left

rFire  + + .     SeeInvis .     j - +2 broad axe (drain)
rCold  + . .     Gourm    .     A - +1 robe of Wisdom {*Contam rElec Regen+ Str+7}
rNeg   . . .     Faith    .     x - +0 shield
rPois  +         Spirit   .     (helmet unavailable)
rElec  +         Reflect  .     s - +0 cloak
rCorr  +         Harm     .     y - +2 pair of gloves {archery}
MR     .....     Rnd*Rage +     (no boots)
Stlth  +.........               o - amulet of rage
                                B - ring of fire
                                p - ring of protection from cold

@: resistant
A: retaliatory headbutt, horns 3, iridescent scales 1, large bone plates 1,
berserk 1, clever 2, clumsy 1, deformed body, screaming 1
a: Heroism, Finesse, Renounce Religion, Evoke Berserk Rage


You were on level 13 of the Dungeon.
You worshipped Okawaru.
Okawaru was exalted by your worship.
You were not hungry.

You visited 2 branches of the dungeon, and saw 14 of its levels.

You collected 1243 gold pieces.
You spent 512 gold pieces at shops.

Inventory:

Hand Weapons
 j - a +2 broad axe of draining (weapon)
Missiles
 g - 7 tomahawks of returning (quivered)
Armour
 s - a +0 cloak (worn)
 u - a +5 plate armour of cold resistance
 x - a +0 shield (worn)
 y - a +2 pair of gloves of archery (worn)
 A - the +1 robe of Wisdom (worn) {*Contam rElec Regen+ Str+7}
   (Okawaru gifted it to you on level 10 of the Dungeon)

   It affects your strength (+7).
   It insulates you from electricity.
   It causes magical contamination when unequipped.
   It increases your rate of regeneration.
Jewellery
 o - an amulet of rage (around neck)
 p - a ring of protection from cold (left hand)
 B - a ring of fire (right hand)
Wands
 n - a wand of disintegration (17/24)
 E - a wand of digging (0/24)
Scrolls
 a - a scroll of identify
 i - a scroll of recharging
 k - 5 scrolls of teleportation
 m - 3 scrolls of remove curse
 F - a scroll of blinking
Potions
 d - 2 potions of might
 e - 2 potions of curing
Comestibles
 b - 19 fruits
 f - 8 bread rations
 h - 4 meat rations
 q - 9 slices of pizza


   Skills:
 - Level 3.7 Fighting
 + Level 16.7 Axes
 - Level 5.4 Throwing
 * Level 11.2 Armour
 - Level 2.1 Dodging
 - Level 0.3 Stealth
 + Level 14.3 Shields
 - Level 0.2 Spellcasting
 + Level 0.1 Conjurations
 - Level 0.1 Hexes
 * Level 0.7 Summonings
 + Level 1.2 Invocations
 - Level 1.1 Evocations


You had one spell level left.
You knew the following spells:

 Your Spells              Type           Power        Failure   Level  Hunger
a - Tukima's Dance        Hex            #.......     95%         3    ####...
b - Confuse               Hex            #.......     95%         3    ####...
c - Conjure Flame         Conj/Fire      #.......     95%         3    ####...
d - Animate Skeleton      Necr           N/A          43%         1    ##.....
e - Summon Small Mammal   Summ           #...         34%         1    ##.....


Dungeon Overview and Level Annotations

Branches:
Dungeon (13/15)            Temple (1/1) D:4            Lair (0/6) D:10
    Orc (0/2) D:10         Vaults (0/5) D:13

Altars:
Ashenzari
Cheibriados
Dithmenos
Elyvilon
Fedhas
Gozag
Hepliaklqana
Kikubaaqudgha
Makhleb
Nemelex Xobeh
Okawaru
Qazlal
Ru
Sif Muna
Trog
Uskayaw
Vehumet
Xom
Yredelemnul
Zin
The Shining One

Shops:
D:5 %   D:8 ?   D:10 [   D:11 *(


Innate Abilities, Weirdness & Mutations

You reflexively headbutt those who attack you in melee.
You have a pair of large horns on your head.
You are partially covered in iridescent scales. (AC +2)
You are partially covered in large bone plates. (SH +4)
You tend to lose your temper in combat.
Your mind is very acute. (Int +4)
You are clumsy. (Dex -2)
Armour fits poorly on your strangely shaped body.
You occasionally shout uncontrollably at your foes.


Message History

You hit the enchanted long sword.
You block the enchanted long sword's attack.
The enchanted long sword hits you!
You miss the enchanted long sword.
Your headbutt misses the enchanted long sword.
Your shield prevents you from hitting the enchanted long sword.
You block the enchanted long sword's attack. x2
You barely miss the enchanted long sword.
You slash the enchanted long sword! The enchanted long sword hits you!!
* * * LOW HITPOINT WARNING * * *
The enchanted long sword hits you.
* * * LOW HITPOINT WARNING * * *
You feel much better. The enchanted long sword hits you!
* * * LOW HITPOINT WARNING * * *
The enchanted long sword completely misses you.
You furiously retaliate!
You headbutt the enchanted long sword.
You feel protected. The enchanted long sword hits you!
You die...
Xom is highly amused!

#............%.#
#...########..[#
#...########...#
#..............#
#..............#
#..............#
#...########...#
#.. #...# #. #..@#
# #.((# #..{# #
#...# ..# #...#
..# #...# ###..#
#####...# #....#
........#####.#..#
.................#


You could see 2 dancing weapons.

Vanquished Creatures
  3 hydras
  3 centaur warriors
  A death knight (D:9)
  Urug (D:12)
  A queen ant (D:11)
  3 hill giants
  A phantasmal warrior (D:9)
  Pikel (D:4)
  An ugly thing (D:12)
  The ghost of Tathariant the Basher, a novice MiBe of Trog (D:6)
  2 gargoyles
  A komodo dragon (D:12)
  2 freezing wraiths (D:9)
  4 trolls
  3 slime creatures (D:12)
  3 hippogriffs
  2 dream sheep (D:8)
  A shadow (D:12)
  2 wraiths
  21 yaks
  3 basilisks (D:10)
  3 hungry ghosts
  Edmund (D:4)
  Menkaure (D:4)
  18 soldier ants (D:11)
  A porcupine (D:10)
  9 orc warriors
  A slave (D:4)
  The ghost of Mungo the Poker, an amateur HOMo (D:4)
  3 black bears
  2 ice beasts
  2 necrophages
  3 sky beasts
  9 ogres
  A phantom (D:5)
  8 centaurs
  4 crocodiles
  5 big kobolds
  A wyvern zombie (D:12)
  6 gnoll sergeants (D:10)
  2 bullfrogs
  4 scorpions
  5 killer bees
  2 howler monkeys (D:10)
  3 wights (D:6)
  A lava snake (D:8)
  2 crimson imps
  2 quasits
  A centaur zombie (D:6)
  3 jellies
  7 orc priests
  3 hounds
  2 centaur skeletons
  4 bullfrog skeletons
  5 iguanas
  10 orc wizards
  38 worker ants
  4 hound zombies
  A hound skeleton (D:11)
  A worker ant zombie (D:9)
  10 adders
  7 gnolls
  5 river rats (D:10)
  4 shadow imps
  2 oozes
  An adder zombie (D:9)
  4 worms
  2 dart slugs
  3 leopard geckos
  52 orcs
  A ball python (D:2)
  5 giant cockroaches
  4 goblins
  5 hobgoblins
  9 jackals
  8 kobolds
  4 quokkas
  9 bats
  6 frilled lizards
  A leopard gecko skeleton (D:4)
  9 rats
390 creatures vanquished.

Vanquished Creatures (others)
  A hydra (D:8)
  4 bushes (D:10)
  A fungus (D:10)
  8 plants (D:10)
14 creatures vanquished.

Grand Total: 404 creatures vanquished

Notes
Turn   | Place    | Note
-------+----------+-------------------------------------------
     0 | D:1      | Miant the Minotaur Fighter began the quest for the Orb.
     0 | D:1      | Reached XP level 1. HP: 19/19 MP: 0/0
   242 | D:1      | Reached XP level 2. HP: 27/27 MP: 1/1
   719 | D:1      | Reached XP level 3. HP: 33/33 MP: 2/2
  1076 | D:2      | Found a faded altar of an unknown god.
  1123 | D:2      | Reached skill level 3 in Axes
  1127 | D:2      | Found a white marble altar of Elyvilon.
  1231 | D:2      | Reached XP level 4. HP: 40/40 MP: 3/3
  1284 | D:2      | Found a hazy altar of Hepliaklqana.
  1538 | D:3      | Found a sparkling altar of Nemelex Xobeh.
  1538 | D:3      | Found an ancient bone altar of Kikubaaqudgha.
  1970 | D:3      | Reached skill level 4 in Axes
  2043 | D:3      | Reached XP level 5. HP: 46/46 MP: 4/4
  2302 | D:3      | Reached skill level 5 in Shields
  2475 | D:4      | Reached skill level 1 in Dodging
  2495 | D:4      | Learned a level 3 spell: Tukima's Dance
  2499 | D:4      | Noticed Mungo's ghost (amateur HOMo)
  2503 | D:4      | Noticed Edmund
  2505 | D:4      | Noticed a sky beast
  2571 | D:4      | Killed Edmund
  2571 | D:4      | Reached skill level 5 in Axes
  2571 | D:4      | Reached XP level 6. HP: 17/52 MP: 5/5
  2572 | D:4      | Killed a sky beast
  2572 | D:4      | Reached skill level 5 in Armour
  2572 | D:4      | Killed Mungo's ghost
  2572 | D:4      | Reached skill level 6 in Axes
  2955 | D:4      | Found a staircase to the Ecumenical Temple.
  2969 | D:4      | Reached XP level 7. HP: 48/58 MP: 6/6
  3197 | D:4      | Noticed Pikel
  3222 | D:4      | Killed Pikel
  3222 | D:4      | Reached skill level 8 in Axes
  3583 | D:4      | Reached XP level 8. HP: 53/66 MP: 7/7
  3703 | Temple   | Entered the Ecumenical Temple
  3771 | Temple   | Became a worshipper of Xom of Chaos
  3793 | D:4      | Noticed Menkaure
  3802 | D:4      | Killed Menkaure
  3802 | D:4      | Reached skill level 9 in Axes
  3887 | D:4      | XOM: silly message
  3924 | D:5      | Entered Level 5 of the Dungeon
  3982 | D:5      | XOM: potion effect (agility)
  3994 | D:5      | XOM: harmless Hex miscast
  4026 | D:5      | Found an iron altar of Okawaru.
  4046 | D:5      | XOM: potion effect (brilliance)
  4070 | D:5      | Fell from the grace of Xom
  4070 | D:5      | Became a worshipper of Warmaster Okawaru
  4080 | D:5      | Gained mutation: You are partially covered in large bone plates. (SH +4) [mutagenic meat]
  4081 | D:5      | Gained mutation: You are clumsy. (Dex -2) [mutagenic meat]
  4082 | D:5      | Gained mutation: You have a pair of large horns on your head. [mutagenic meat]
  4225 | D:5      | Found Hemiogg's Food Boutique.
  4489 | D:6      | Reached skill level 10 in Axes
  4624 | D:6      | Noticed Tathariant's ghost (novice MiBe)
  4631 | D:6      | Killed Tathariant's ghost
  4631 | D:6      | Reached * piety under Okawaru
  4631 | D:6      | Reached XP level 9. HP: 71/71 MP: 8/8
  5137 | D:6      | Found a snail-covered altar of Cheibriados.
  5138 | D:6      | Found a sacrificial altar of Ru.
  5144 | D:6      | Found a blossoming altar of Fedhas.
  5146 | D:6      | Found a shattered altar of Ashenzari.
  5146 | D:6      | Found a glowing silver altar of Zin.
  5146 | D:6      | Found a basalt altar of Yredelemnul.
  5151 | D:6      | Found a bloodstained altar of Trog.
  5226 | D:6      | Learned a level 3 spell: Confuse
  5402 | D:7      | Reached skill level 11 in Axes
  5409 | D:7      | Reached ** piety under Okawaru
  5470 | D:7      | XOM: 3-stop teleportation journey
  6186 | D:7      | XOM: give mutation
  6186 | D:7      | Gained mutation: Your mind is acute. (Int +2) [Xom's grace]
  6335 | D:7      | XOM: severe Chrm miscast
  6335 | D:7      | Paralysed by the severe capriciousness of Xom for 2 turns
  6480 | D:8      | Gained mutation: Your mind is very acute. (Int +4) [potion of mutation]
  6524 | D:8      | Reached skill level 12 in Axes
  6526 | D:8      | Noticed a hill giant
  6550 | D:8      | Killed a hill giant
  6550 | D:8      | Reached *** piety under Okawaru
  6550 | D:8      | Reached XP level 10. HP: 77/78 MP: 6/9
  6608 | D:8      | Found Ytoacho's Magic Scroll Shop.
  6611 | D:8      | Bought a scroll of identify for 28 gold pieces
  6611 | D:8      | Bought a scroll of identify for 28 gold pieces
  6611 | D:8      | Bought a scroll of remove curse for 42 gold pieces
  6611 | D:8      | Bought a scroll of remove curse for 42 gold pieces
  6611 | D:8      | Bought a scroll of magic mapping for 49 gold pieces
  6611 | D:8      | Bought a scroll of identify for 28 gold pieces
  6619 | D:8      | Learned a level 3 spell: Conjure Flame
  6734 | D:8      | Reached skill level 1 in Invocations
  6737 | D:8      | Reached skill level 13 in Axes
  6916 | D:8      | Noticed a three-headed hydra
  6929 | D:8      | Killed a seven-headed hydra
  6929 | D:8      | Reached skill level 10 in Shields
  7076 | D:8      | Reached **** piety under Okawaru
  7215 | D:8      | Noticed a centaur warrior
  7501 | D:8      | XOM: noise
  7692 | D:8      | XOM: mild Ice miscast
  7705 | D:8      | XOM: noise
  7938 | D:8      | XOM: divination: detect creatures
  8076 | D:9      | Noticed a phantasmal warrior
  8227 | D:9      | Killed a phantasmal warrior
  8227 | D:9      | Reached ***** piety under Okawaru
  8400 | D:9      | XOM: 2-stop teleportation journey
  8415 | D:9      | Gained mutation: You are partially covered in iridescent scales. (AC +2) [potion of beneficial mutation]
  8656 | D:9      | XOM: medium Summ miscast
  8667 | D:9      | XOM: mild Conj miscast
  8841 | D:9      | XOM: noise
  8842 | D:9      | Noticed a centaur warrior
  8855 | D:9      | Killed a centaur warrior
  8855 | D:9      | Reached skill level 14 in Axes
  8855 | D:9      | Reached skill level 1 in Throwing
  8855 | D:9      | Reached XP level 11. HP: 55/83 MP: 10/10
  9187 | D:9      | Noticed a death knight
  9202 | D:9      | Killed a death knight
  9445 | D:10     | Entered Level 10 of the Dungeon
  9506 | D:10     | XOM: medium Pois miscast
 10167 | D:10     | Found a staircase to the Lair.
 10167 | D:10     | XOM: 1-stop teleportation journey
 10229 | D:10     | Received a gift from Okawaru
 10234 | D:10     | Reached skill level 10 in Armour
 10328 | D:10     | XOM: noise
 10337 | D:10     | XOM: mild Pois miscast
 10339 | D:10     | Gained mutation: You tend to lose your temper in combat. [mutagenic glow]
 10449 | D:10     | Noticed a centaur warrior
 10456 | D:10     | Killed a centaur warrior
 10456 | D:10     | Received a gift from Okawaru
 10460 | D:10     | Got a slimy robe {god gift}
 10462 | D:10     | Got a translucent mace {crush}
 10545 | D:10     | Identified the +6 mace "Pendulum" {crush, rN+++ MR+++ Int-3 Dex-4} (You took it off a centaur warrior on level 10 of the Dungeon)
 10557 | D:10     | Identified the +1 robe of Wisdom {*Contam rElec Regen+ Str+7} (Okawaru gifted it to you on level 10 of the Dungeon)
 10682 | D:10     | XOM: stat loss: -1 Int (8/9)
 10893 | D:10     | XOM: mild Necr miscast
 10964 | D:10     | Found a staircase to the Orcish Mines.
 11013 | D:10     | Found Peirphuca's Antique Armour Emporium.
 11021 | D:10     | Bought a cloak for 139 gold pieces
 11099 | D:10     | Reached skill level 15 in Axes
 11232 | D:10     | Was forgiven by Xom
 11373 | D:11     | Found Kenep's General Store.
 11458 | D:11     | Bought 2 potions of heal wounds for 120 gold pieces
 11458 | D:11     | Bought a scroll of remove curse for 36 gold pieces
 11497 | D:11     | Noticed a four-headed hydra
 11673 | D:11     | Killed an eight-headed hydra
 11810 | D:11     | Reached XP level 12. HP: 44/91 MP: 11/11
 11821 | D:11     | Noticed a five-headed hydra
 12070 | D:11     | Reached ****** piety under Okawaru
 12087 | D:11     | Reached skill level 1 in Evocations
 12093 | D:11     | Noticed a queen ant
 12111 | D:11     | Killed a queen ant
 12111 | D:11     | Reached skill level 5 in Throwing
 12198 | D:11     | Received a gift from Okawaru
 12483 | D:11     | Killed a ten-headed hydra
 12761 | D:11     | Found Doycsif's Antique Weapon Shop.
 12865 | D:11     | You fall through a shaft!
 12984 | D:12     | Noticed a four-headed hydra
 12989 | D:12     | Killed a seven-headed hydra
 12989 | D:12     | Reached skill level 16 in Axes
 13034 | D:12     | Noticed Urug
 13043 | D:12     | Killed Urug
 13116 | D:12     | Gained mutation: You occasionally shout uncontrollably at your foes. [mutagenic meat]
 13360 | D:12     | Received a gift from Okawaru
 13383 | D:12     | Gained mutation: Armour fits poorly on your strangely shaped body. [mutagenic glow]
 14037 | D:13     | Noticed a centaur warrior
 14065 | D:13     | Killed a centaur warrior
 14169 | D:13     | Learned a level 1 spell: Animate Skeleton
 14171 | D:13     | Learned a level 1 spell: Summon Small Mammal
 14297 | D:13     | Reached XP level 13. HP: 96/96 MP: 12/12
 14401 | D:13     | Found a gate to the Vaults.
 14427 | D:13     | Mangled by an enchanted long sword

Skill      XL: |  1  2  3  4  5  6  7  8  9 10 11 12 |
---------------+-------------------------------------+-----
Shields        | 4 5 7 9 11 12 14 | 14.3
Armour         | 4 5 6 8 9 10 11 | 11.2
Axes           | 3 4 5 6 8 10 12 14 15 16 | 16.7
Dodging        | 1 2 |  2.1
Invocations    | 1 |  1.2
Throwing       | 1 4 5 |  5.4
Evocations     | 1 |  1.1
Fighting       | |  3.7
Stealth        | |  0.3
Spellcasting   | |  0.2
Conjurations   | |  0.1
Hexes          | |  0.1
Summonings     | |  0.7

Action                   |  1- 3 |  4- 6 |  7- 9 | 10-12 | 13-15 || total
-------------------------+-------+-------+-------+-------+-------++-------
Melee: War axe           |   134 |   115 |   275 |   580 |       ||  1104
       Headbutt          |    10 |    16 |    49 |   176 |     1 ||   252
       Broad axe         |       |       |       |   155 |    10 ||   165
Throw: Tomahawk          |       |       |       |    10 |       ||    10
       Javelin           |       |       |       |     8 |       ||     8
 Cast: Summon Small Mamm |       |       |       |     3 |       ||     3
Invok: Heroism           |       |       |     2 |     1 |       ||     3
Evoke: Wand              |       |       |       |    24 |     1 ||    25
  Use: Scroll            |     3 |     3 |     4 |    13 |       ||    23
       Potion            |       |     6 |     8 |    13 |     4 ||    31
 Stab: Distracted        |       |     1 |       |     1 |       ||     2
       Confused          |       |       |       |     1 |       ||     1
  Eat: Chunk             |     1 |     6 |    14 |    14 |       ||    35
       Beef jerky        |       |       |       |     4 |       ||     4
       Meat ration       |       |       |       |     2 |       ||     2
       Royal jelly       |       |       |       |     1 |       ||     1
Armor: Scale mail        |    76 |    62 |     6 |       |       ||   144
       Chain mail        |       |       |    79 |    59 |       ||   138
       Plate armour      |       |       |       |    42 |       ||    42
       Robe              |       |       |       |    53 |     2 ||    55
Dodge: Dodged            |    38 |    33 |    59 |   150 |     3 ||   283
Block: Shield            |    84 |    51 |   145 |   506 |    18 ||   804
